 Dungeon Crawl Stone Soup version 0.32-a0-585-gef4fe23122 (webtiles) character file.

Game seed: 13742517386791956717

2293753 Jannitor the Sorcerer (level 27, 209/209 HPs)
             Began as a Djinni Delver on Feb 24, 2024.
             Was the Champion of Beogh.
             Escaped with the Orb
             ... and 4 runes on Mar 2, 2024!
             The game lasted 04:54:44 (77431 turns).

Jannitor the Sorcerer (Djinni Delver)              Turns: 77431, Time: 04:54:45

Health: 209/209    AC: 18    Str: 21    XL:     27
Gold:   8075       EV: 33    Int: 31    God:    Beogh [******] SH: 10 Dex: 31

rFire   + + +        E - +9 sacred scourge (holy)
rCold   + + .        V - +0 buckler of Rotini {Fly Regen+}
rNeg    + . .        B - +4 skin of Zhor {*Englaciate rC+++ SInv}
rPois   ∞            f - +4 helmet of Bassuhut {rF++ Str+3 Int+3}
rElec   .            J - +2 cloak {Will+}
rCorr   +            h - +0 pair of fencer's gloves {Riposte Dex+3}
SInv    +            (boots unavailable)
Will    +++..        Z - macabre finger necklace {Finger+ rN+}
Stlth   ++           v - ring "Siorot Gabe" {rF+ rCorr Dex+6}
HPRegen 1.34/turn    m - ring of Etetueshre {Str+6 Dex+6}
MPRegen 0.00/turn    p - ring "Mouz" {Wiz Str+4}

%: wizardry (x1)
@: flying, studying 2 skills
A: walk on water, sickness immunity, fire resistance 3, cold vulnerability 1,
float, innate caster, HP casting, extra vitality 1, clever 1, deterioration 1,
weak 1
0: Orb of Zot
}: 4/15 runes: barnacled, slimy, silver, gossamer
a: Renounce Religion, Smiting, Recall Apostles, Blood for Blood, Dismiss
Blodwig, priest, Dismiss Zartorak, priest, Dismiss Arbeogh, wizard


You escaped.
You worshipped Beogh.
Beogh was exalted by your worship.
You visited 12 branches of the dungeon, and saw 56 of its levels.
You visited the Abyss 1 time.
You also visited: Sewer, Bailey, Gauntlet, Ice Cave, Wizlab and Desolation.

You collected 10154 gold pieces.
You spent 2079 gold pieces at shops.

Inventory:

Hand Weapons
 E - a +9 sacred scourge of holy wrath (weapon)
 X - the +8 whip "Snakebite" {venom, curare, rPois}
   (You found it in a Gauntlet)

   rPois:     It protects you from poison.
Armour
 f - the +4 helmet of Bassuhut (worn) {rF++ Str+3 Int+3}
   (You found it on level 4 of the Shoals)

   Str+3:     It affects your strength (+3).
   Int+3:     It affects your intelligence (+3).
   rF++:      It greatly protects you from fire.
 h - the +0 pair of fencer's gloves (worn) {Riposte Dex+3}
   (You found it on level 1 of the Orcish Mines)

   Riposte:   It allows the wearer to riposte with melee weapons, swiftly
   retaliating against missed or blocked melee attacks.
   Dex+3:     It affects your dexterity (+3).
 B - the +4 skin of Zhor (worn) {*Englaciate rC+++ SInv}
   (You found it in an ice cave)

   *Englaciate: It radiates cold, occasionally slowing all nearby creatures who
   are not resistant to cold.
   rC+++:     It renders you almost immune to cold.
   SInv:      It lets you see invisible.
 J - a +2 cloak of willpower (worn)
 V - the +0 buckler of Rotini (worn) {Fly Regen+}
   (You acquired it on level 2 of the Spider Nest)

   Fly:       It grants you flight.
   Regen+:    It increases your rate of health regeneration.
Magical Staves
 U - the staff of Jamyliqeof {+Blink Dex+3 Conj Necro}
   (You found it on level 3 of the Elven Halls)

   [staff of conjuration]

   Base accuracy: +5 Base damage: 5 Base attack delay: 1.2 This weapon's minimum
   attack delay (0.6) is reached at skill level 12.
   Dex+3:     It affects your dexterity (+3).
   +Blink:    It lets you blink.
   Conj:      It increases the power of your Conjurations spells.
   Necro:     It increases the power of your Necromancy spells.
   It falls into the 'Staves' category.
   It is a one-handed weapon.
Jewellery
 j - the ring "Picruc" {Ice rCorr Str+3 Stlth+}
   (You found it on level 12 of the Dungeon)

   [ring of ice]

   Ice:       It enhances your ice magic.
   Str+3:     It affects your strength (+3).
   rF-:       It makes you vulnerable to fire.
   rC+:       It protects you from cold.
   rCorr:     It protects you from acid and corrosion.
   Stlth+:    It makes you more stealthy.
 m - the ring of Etetueshre (right hand) {Str+6 Dex+6}
   (You found it on level 12 of the Dungeon)

   [ring of strength]

   Str+6:     It affects your strength (+6).
   Dex+6:     It affects your dexterity (+6).
 p - the ring "Mouz" (on amulet) {Wiz Str+4}
   (You bought it in a shop on level 3 of the Shoals)

   [ring of wizardry]

   Wiz:       It improves your spell success rate.
   Str+4:     It affects your strength (+4).
 v - the ring "Siorot Gabe" (left hand) {rF+ rCorr Dex+6}
   (You found it on level 5 of the Pits of Slime)

   [ring of dexterity]

   Dex+6:     It affects your dexterity (+6).
   rF+:       It protects you from fire.
   rCorr:     It protects you from acid and corrosion.
 Z - the macabre finger necklace (around neck) {Finger+ rN+}
   (You found it on level 1 of the Vaults)

   [amulet of nothing]

   Finger+:   It enables you to equip an extra ring.
   rN+:       It protects you from negative energy.
Talismans
 P - the granite talisman of Theory {Slay+2}
   (You took it off Roxanne on level 14 of the Dungeon)

   [granite talisman]

   Slay+2:    It affects your accuracy & damage with ranged weapons and melee
   (+2).
Wands
 a - a wand of light (39)
 g - a wand of digging (26)
 A - a wand of polymorph (43)
 L - a wand of mindburst (36)
 N - a wand of flame (106)
 Q - a wand of paralysis (47)
 T - a wand of iceblast (64)
Scrolls
 c - 13 scrolls of fog
 d - 5 scrolls of immolation
 e - 11 scrolls of fear
 i - 3 scrolls of revelation
 l - 8 scrolls of summoning
 r - 5 scrolls of blinking
 s - 4 scrolls of silence
 y - 8 scrolls of enchant weapon
 F - 16 scrolls of vulnerability
 K - 7 scrolls of enchant armour
 M - 22 scrolls of teleportation
 W - 9 scrolls of poison
Potions
 b - 7 potions of ambrosia
 k - 4 potions of invisibility
 n - 8 potions of resistance
 o - 12 potions of enlightenment
 t - 7 potions of cancellation
 u - 10 potions of brilliance
 w - 9 potions of mutation
 z - 9 potions of haste
 D - 16 potions of curing
 G - 2 potions of berserk rage
 H - 12 potions of lignification
 I - 3 potions of attraction
 O - 5 potions of heal wounds
 R - 6 potions of might
Miscellaneous
 q - a lightning rod (4/4)
 x - the horn of Geryon
 C - a box of beasts
 S - a tin of tremorstones (2/2)
 Y - a phantom mirror


   Skills:
 - Level 21.1 Fighting
 - Level 12.0 Short Blades
 - Level 12.0 Maces & Flails
 - Level 13.3 Armour
 - Level 18.1 Dodging
 - Level 5.6 Stealth
 - Level 15.7 Shields
 + Level 24.0 Spellcasting
 + Level 24.0 Conjurations
 + Level 24.0 Hexes
 + Level 24.0 Summonings
 + Level 24.0 Necromancy
 + Level 24.0 Translocations
 + Level 24.0 Fire Magic
 + Level 24.0 Ice Magic
 + Level 24.0 Air Magic
 + Level 24.0 Earth Magic
 + Level 24.0 Alchemy
 - Level 20.1 Invocations
 - Level 14.2 Evocations


You knew the following spells:

 Your Spells              Type           Power      Damage    Failure   Level
a - Foxfire               Conj/Fire      100%       2x1d9     0%          1
b - Jinxbite              Hex            100%       N/A       0%          2
c - Searing Ray           Conj           100%       2d8       0%          2
d - Teleport Other        Tloc           100%       N/A       0%          3
e - Manifold Assault      Tloc           100%       N/A       0%          4
f - Yara's Violent Unrav  Hex/Alch       56%        3d21      0%          5
g - Dispersal             Tloc           56%        N/A       0%          6
h - Ozocubu's Refrigerat  Ice            56%        4d19      1%          7
i - Starburst             Conj/Fire      56%        6d15      0%          6
j - Discord               Hex            56%        N/A       1%          8
k - Orb of Destruction    Conj           56%        9d14      1%          7
l - Polar Vortex          Ice            56%        12d7*     1%          9
m - Fire Storm            Conj/Fire      56%        8d14      1%          9
Your spell library was empty.

Dungeon Overview and Level Annotations

Branches:
Dungeon (15/15)            Temple (0/1) D:6            Lair (5/5) D:11
 Shoals (4/4) Lair:2       Spider (4/4) Lair:2        Slime (5/5) Lair:4
    Orc (2/2) D:12            Elf (3/3) Orc:2        Vaults (5/5) D:13
  Crypt (3/3) Vaults:2       Tomb (0/3) Crypt:3      Depths (4/4) D:15
   Hell (visited)             Dis (0/7) Hell            Geh (0/7) Hell
    Coc (0/7) Hell            Tar (0/7) Hell            Zot (5/5) Depths:4
  Sewer (visited)          Bailey (visited)           IceCv (visited)
 WizLab (visited)         Desolation (visited)      Gauntlet (visited)

Altars:
Cheibriados
Elyvilon
Fedhas
Ru
Trog
Yredelemnul
Zin
The Shining One
Beogh
Jiyva

Shops:
D:5 *   Orc:2 [[([   Elf:1 *   Shoals:2 :   Shoals:3 *   Vaults:1 (?
Vaults:2 ?:*[(   Vaults:4 (   Vaults:5 (

Portals:
Hell: Depths:1 Depths:2 Depths:3 Depths:4
Abyss: Depths:1 Depths:3 Depths:4
Pandemonium: Depths:2
Ziggurat: Depths:1

Annotations:
Lair:5 3 runed translucent doors, hitsuchi's ghost, journeyman MDCA
Zot:1 1 runed translucent door, Nanua's ghost, legendary GnRe


Innate Abilities, Weirdness & Mutations

You can walk on water.
Your facial features are unmistakably orcish.
You are immune to sickness and miasma.
You are immune to poison.
Your flesh is almost immune to the effects of heat. (rF+++)
You are vulnerable to cold. (rC-)
You float through the air rather than walking.
You learn spells naturally, not from books.
Your magical power is your life essence.
You have superior vitality. (+4 MHP)
Your mind is acute. (Int +4, Str/Dex -1)
Your body sometimes deteriorates upon taking damage.
You are weak. (Str -2)


Message History

You fly upwards.
There is a stone staircase leading down here.
There is a stone staircase leading up here.
You fly upwards.
There is a stone staircase leading down here.
There is a stone staircase leading up here.
You fly upwards.
There is a stone staircase leading down here.
There is an open door here.
There is a stone staircase leading up here.
You fly upwards.
There is a stone staircase leading down here.
A hell beast comes into view.
The hell beast closely misses you. The hell beast misses you.
You whack the hell beast!
The hell beast convulses.
The hell beast is moderately wounded.
You block the hell beast's attack. The hell beast completely misses you.
You thrash the hell beast!!
The hell beast convulses!!
The hell beast is almost dead.
The hell beast completely misses you. The hell beast misses you.
You whack the hell beast!
The hell beast convulses.
You kill the hell beast!
Beogh accepts your kill.
No target in view!
What level of the Dungeon? (default 1, ? - help)
There is an open door here.
There is a stone staircase leading up here.
You fly upwards.
There is a stone staircase leading down here.
There is a staircase leading out of the dungeon here.
Blodwig is recalled.
Zartorak is recalled.
Arbeogh is recalled.
Unknown command.
Press: ? - help, v - describe, . - travel
Here: Zartorak the orc apostle, wielding a +3 flail of holy wrath and wearing +3 steam dragon scales (friendly)
The floor.
Press: ? - help, v - describe, . - travel
Here: Arbeogh the orc apostle, wielding a +2 dagger of speed and wearing a +0 robe of positive energy (friendly)
The floor.
HP restored.
You have escaped!

##....# #..# #....# # ##....####
##.# ###### # ##.......# #.## #
#.....##.# ##.# #######
#......#.# #.## #......
#......#.# ##.######### #.##..÷
#......#.# #.###.#.#..###.##[##
#....#.#.# ##.#o#.#.#.....#..#
.......#.#######@##########.#.###
....÷..#..#.#.#o#o## #......
.......#...#.#.###.# ##..##.
###....#.########.## ##.###. #
#....#.## ##.# ##..###. #
#.......# #.## ##....... #
#....#..########.######..#.####
###.....##................##.#
.##...........##############)#


You could see the friendly Arbeogh the orc apostle, the friendly Blodwig the orc
apostle and the friendly Zartorak the orc apostle.

Vanquished Creatures
  the Royal Jelly (Slime:5)
  Tiamat (Zot:4)
  5 orbs of fire
  3 dread liches
  An ancient lich (Vaults:5)
  Mara (Spider:4)
  2 pandemonium lords
  Sojobo (Vaults:5)
  A royal mummy (Crypt:3)
  The ghost of Gocu the Impregnable, a veteran MiGl of Okawaru (Crypt:2)
  6 Killer Klowns (Zot:5)
  2 antique champions (WizLab)
  Saint Roka (Orc:2)
  2 caustic shrikes (Depths:4)
  8 golden dragons
  Norris (Vaults:1)
  the Enchantress (Depths:4)
  Nikola (Shoals:1)
  Arachne (Spider:3)
  A Brimstone Fiend (Depths:1)
  5 electric golems
  10 tentacled monstrosities
  2 hellephants
  10 titans
  A walking earthen tome (Depths:3)
  A deep elf blademaster (Elf:2)
  27 Orb Guardians
  4 deep elf master archers (Elf:3)
  7 liches
  2 walking divine tomes (Depths:3)
  8 death cobs
  6 acid blobs
  9 quicksilver dragons
  2 sphinxes
  3 krakens
  Murray (Depths:1)
  6 ancient champions
  2 tengu reavers
  7 shadow dragons
  3 rockslimes
  6 draconian monks
  14 storm dragons
  Roxanne (D:14)
  14 draconian knights
  2 protean progenitors
  5 azure jellies
  4 iron dragons
  8 draconian scorchers
  2 draconian shifters
  5 revenants
  2 balrugs
  3 fire giants (Depths:3)
  5 emperor scorpions (Spider:4)
  6 ghost moths
  Louise (Spider:4)
  6 frost giants
  10 vault wardens
  2 deep elf elementalists (Elf:3)
  3 deep elf sorcerers
  2 draconian stormcallers
  2 imperial myrmidons (Desolation)
  A caustic shrike zombie (Crypt:2)
  The ghost of IndexError the Fighter, a journeyman OnCj of Vehumet (Orc:1)
  A curse skull (Crypt:3)
  5 ghouls (Crypt:3)
  7 reapers
  A juggernaut skeleton (Depths:1)
  4 quicksilver oozes
  An angel (Elf:1)
  3 stone giants (Depths:2)
  5 very ugly things
  8 ironbound preservers
  A spriggan defender (Depths:4)
  2 caustic shrike skeletons (Depths:1)
  8 vampire knights
  A broodmother (Spider:4)
  2 draconian annihilators
  5 ironbound thunderhulks
  10 green draconians
  6 black draconians
  2 deep elf demonologists
  2 formless jellyfish
  14 dire elephants
  2 deep elf death magi
  10 yellow draconians
  A halazid warlock (Desolation)
  4 deep elf annihilators (Elf:3)
  6 spark wasps
  2 lorocyprocas
  3 war gargoyles
  The ghost of vnsknbfn the Blocker, a journeyman MiFi of Okawaru (D:12)
  16 red draconians
  2 white draconians
  Azrael (D:12)
  5 ettins
  Snorg (D:12)
  7 purple draconians
  10 eidola
  2 merfolk javelineers (Shoals:4)
  2 blizzard demons
  4 green deaths
  3 mummy priests (Crypt:3)
  The ghost of docpaisley the Slicer, a journeyman CoWr of Okawaru (D:12)
  A crystal guardian (Vaults:1)
  4 merfolk impalers
  13 yaktaur captains
  5 fire dragons
  2 spriggan zombies
  4 deep elf high priests
  5 entropy weavers
  13 jiangshi
  6 great orbs of eyes
  2 hell beasts
  Erolcha (D:11)
  21 vault guards
  7 rakshasas
  3 servants of whispers (Desolation)
  3 ice dragons
  A hydra (D:12)
  7 peacekeepers (Desolation)
  2 jorogumos
  2 spriggan air magi
  2 catoblepae
  A death knight (Crypt:1)
  4 ogre magi
  A fenstrider witch skeleton (Crypt:2)
  A radroach (Spider:1)
  An anaconda (shapeshifter) (Elf:1)
  10 centaur warriors
  10 dancing weapons
  3 death yaks
  10 two-headed ogres
  A spriggan skeleton (Depths:1)
  3 merfolk avatars
  10 ironbound frosthearts
  2 satyrs
  7 deep troll shamans
  11 deep troll earth magi
  5 boulder beetles
  2 tengu warriors (Depths:3)
  9 hell hogs
  2 occultists
  9 sun demons
  A demonic crawler (Spider:1)
  4 vampire magi
  3 spriggan berserkers
  4 orc high priests
  8 hell knights
  8 deep elf knights
  6 soul eaters
  5 skysharks
  29 skeletal warriors
  A titan skeleton (Depths:1)
  An anaconda zombie (Crypt:2)
  11 sea snakes
  3 shadow wraiths
  2 sixfirhies
  9 flayed ghosts
  2 pharaoh ants
  A skyshark (shapeshifter) (Vaults:5)
  A deep troll (shapeshifter) (Elf:1)
  2 glowing orange brains
  5 arcanists
  10 iron trolls
  2 spriggan druids (Elf:1)
  A golden dragon skeleton (Crypt:2)
  2 storm dragon skeletons
  26 deep trolls
  A bog body (Crypt:3)
  3 sun moths
  8 orb spiders
  A bunyip skeleton (Crypt:2)
  3 thermic dynamos
  A spriggan simulacrum (Crypt:1)
  17 ironbound convokers
  12 deep elf archers
  An obsidian statue (Vaults:1)
  7 necromancers
  11 phantasmal warriors
  9 lindwurms
  7 harpies
  An alligator zombie (Crypt:1)
  A steelbarb worm (shapeshifter) (Vaults:5)
  7 orc knights
  3 anaconda skeletons (Hell)
  4 orc sorcerers
  18 deep elf pyromancers
  14 deep elf zephyrmancers
  2 tengu skeletons (Depths:1)
  3 steelbarb worms
  A stone giant zombie (WizLab)
  A jorogumo zombie (Crypt:2)
  11 wolf spiders
  A salamander (Depths:4)
  10 fauns
  An oklob plant (Lair:5)
  9 cyclopes
  11 ugly things
  A manticore (shapeshifter) (Vaults:5)
  10 manticores
  3 shining eyes
  24 moths of wrath
  An alligator skeleton (Hell)
  An apocalypse crab (Abyss:2)
  4 guardian serpents (Desolation)
  A dire elephant zombie (Hell)
  6 merfolk sirens
  2 black mambas
  An eye of devastation (Slime:5)
  3 elephants (Lair:5)
  An ice statue (IceCv)
  An iron dragon skeleton (Crypt:3)
  A centaur zombie (Crypt:1)
  5 water nymphs
  11 vault sentinels
  3 smoke demons
  7 molten gargoyles
  3 kobold blastminers
  A meliai (Lair:2)
  9 rust devils
  6 torpor snails
  A gargoyle (D:13)
  2 cane toads
  7 large abominations
  An orange demon (Vaults:2)
  A naga skeleton (Crypt:1)
  A red draconian zombie (Crypt:1)
  2 hellions
  A yellow draconian zombie (Crypt:1)
  An unseen horror zombie (Crypt:3)
  A grey draconian zombie (Crypt:1)
  2 kobold demonologists
  24 yaktaurs
  A tormentor (Depths:4)
  3 unseen horrors (Depths:1)
  3 komodo dragons
  A sea snake zombie (Hell)
  An alligator snapping turtle skeleton (Crypt:3)
  An efreet (Zot:4)
  6 freezing wraiths
  A komodo dragon (shapeshifter) (Elf:1)
  17 guardian mummies (Crypt:3)
  7 ice devils
  A bunyip simulacrum (Crypt:1)
  A death yak skeleton (Crypt:1)
  A harpy zombie (Crypt:1)
  2 red devils
  15 merfolk
  3 polar bears (IceCv)
  5 trolls
  13 wind drakes
  A queen bee (Gauntlet)
  A hydra skeleton (Hell)
  14 tarantellas
  Prince Ribbit (D:9)
  A glass eye (Depths:3)
  A hornet (D:7)
  31 saltlings (Desolation)
  A culicivora zombie (Crypt:2)
  3 blink frogs
  6 snapping turtles
  A stone giant simulacrum (WizLab)
  An ettin zombie (Vaults:3)
  6 dream sheep
  A guardian serpent zombie (Crypt:3)
  23 jumping spiders
  42 slime creatures
  A shadow (D:11)
  A spriggan (shapeshifter) (D:12)
  18 culicivoras
  7 ushabtiu (Crypt:3)
  2 spriggans (Depths:4)
  7 water elementals
  The ghost of paps the Cudgeller, an amateur TrGl of Gozag (D:4)
  Sigmund (D:3)
  A wyvern (Lair:2)
  7 wraiths
  5 vampires
  16 yaks
  An air elemental (Elf:3)
  2 fire bats (Gauntlet)
  Eustachio (D:6)
  24 fire elementals
  5 wargs (Orc:2)
  4 golden eyes
  A vampire mosquito (D:8)
  3 chaos spawn (Depths:1)
  37 redbacks
  2 steam dragons
  Menkaure (D:4)
  A neqoxec (Abyss:2)
  2 swamp worms (shapeshifter)
  4 acid dragons
  3 small abominations (Depths:1)
  A deep troll zombie (WizLab)
  Duvessa (D:4)
  3 hell hounds
  5 water moccasins
  2 black bears
  A meliai simulacrum (D:14)
  2 ice beasts (D:6)
  11 laughing skulls
  A two-headed ogre skeleton (WizLab)
  An ettin simulacrum (Vaults:3)
  17 orc warriors
  A crocodile (Lair:1)
  2 black bears (shapeshifter)
  8 boggarts
  A crocodile (shapeshifter) (Elf:1)
  A swamp dragon zombie (WizLab)
  16 wolves
  3 ogres
  15 centaurs
  A fire crab zombie (Crypt:3)
  3 kobold brigands
  6 bullfrogs
  3 scorpions
  A brain worm (Abyss:2)
  An earth elemental (Elf:3)
  A cyclops zombie (WizLab)
  A cane toad simulacrum (Lair:3)
  5 wights (D:8)
  A cyclops skeleton (WizLab)
  34 killer bees
  A polar bear zombie (Crypt:1)
  A troll skeleton (Crypt:1)
  3 electric eels
  2 howler monkeys (D:7)
  3 hounds
  3 jellies
  8 orc priests
  Crazy Yiuf (D:5)
  A bombardier beetle (D:5)
  A cyclops simulacrum (WizLab)
  A human skeleton (Crypt:2)
  2 gnoll boudas
  An iron imp (Abyss:2)
  4 sleepcaps
  An iguana (D:4)
  15 orc wizards
  A wolf simulacrum (Lair:3)
  An ogre zombie (Crypt:3)
  A scorpion simulacrum (D:4)
  3 mummies (Crypt:3)
  Robin (D:3)
  19 gnolls
  A steam dragon zombie (Crypt:1)
  13 adders
  A hound simulacrum (D:4)
  3 white imps
  2 ufetubi (D:6)
  13 dart slugs
  6 ribbon worms
  A ribbon worm (shapeshifter) (Vaults:5)
  3 adder simulacra (D:4)
  31 orcs
  9 bats
  3 endoplasms
  11 giant cockroaches
  6 hobgoblins
  7 jackals
  23 kobolds
  5 quokkas
  13 ball pythons
  A ball python skeleton (Crypt:2)
  16 frilled lizards
  12 goblins
  5 rats
  2 aspiring fleshes
  25 fire vortices
  4 tentacles (Shoals:4)
1927 creatures vanquished.

Vanquished Creatures (collateral kills)
  A juggernaut (Depths:3)
  3 caustic shrikes (Depths:4)
  Geryon (Hell)
  2 golden dragons (Depths:3)
  2 orc apostles (Hell)
  An electric golem (Zot:2)
  A walking crystal tome (Depths:3)
  2 tentacled monstrosities
  3 liches
  2 deep elf blademasters (Elf:3)
  A walking frostbound tome (Depths:3)
  4 titans (Zot:2)
  3 sphinxes
  3 death cobs (Zot:2)
  4 acid blobs (Slime:5)
  Gastronok (Lair:3)
  4 ancient champions
  4 tengu reavers
  7 shadow dragons
  5 storm dragons
  A draconian knight (Depths:4)
  6 azure jellies
  A protean progenitor (Depths:4)
  6 rockslimes
  2 frost giants
  2 draconian scorchers
  3 iron dragons
  2 emperor scorpions
  4 fire giants
  2 ghost moths
  4 deep elf sorcerers (Elf:3)
  5 vault wardens
  3 imperial myrmidons (Desolation)
  A draconian annihilator (Zot:1)
  4 ghouls (Crypt:3)
  An angel (Elf:1)
  A curse skull (Crypt:3)
  4 reapers
  A broodmother (Spider:2)
  6 ironbound preservers
  2 formless jellyfish
  8 quicksilver oozes
  An ironbound thunderhulk (Vaults:2)
  12 stone giants
  3 vampire knights
  2 spriggan defenders (Depths:4)
  4 very ugly things
  2 green draconians
  A deep elf annihilator (Vaults:5)
  A black draconian (Zot:4)
  5 white draconians
  A minotaur (Gauntlet)
  6 dire elephants
  6 deep elf death magi
  2 deep elf demonologists (Elf:3)
  3 war gargoyles
  2 purple draconians
  3 spark wasps
  2 yellow draconians
  2 red draconians
  12 ettins
  A mummy priest (Crypt:3)
  A merfolk javelineer (Shoals:4)
  3 eidola
  5 merfolk impalers
  6 fire dragons
  An entropy weaver (Spider:2)
  Josephine (Orc:1)
  9 yaktaur captains
  3 jiangshi
  2 servants of whispers (Desolation)
  3 great orbs of eyes
  8 ragged hierophants (Desolation)
  13 vault guards
  3 deep elf high priests (Elf:3)
  3 ice dragons
  5 peacekeepers
  4 centaur warriors
  4 ironbound frosthearts
  A rakshasa (Depths:1)
  2 ogre magi
  5 hydras
  An alligator (Shoals:2)
  A spriggan air mage (Depths:3)
  9 boulder beetles
  2 merfolk aquamancers
  A catoblepas (Lair:3)
  12 dancing weapons
  2 deep troll shamans
  2 radroaches
  2 alligator snapping turtles
  7 death yaks
  5 two-headed ogres
  A vampire mage (Crypt:2)
  3 demonic crawlers
  A satyr (Shoals:2)
  2 tengu warriors (Depths:1)
  2 hell hogs (Hell)
  6 deep troll earth magi
  3 soul eaters
  A titan skeleton (Vaults:3)
  4 orc high priests
  5 deep elf knights
  2 spriggan berserkers
  4 iron trolls
  A sun demon (Depths:1)
  15 hell knights
  3 skysharks
  9 skeletal warriors
  A shadow wraith (Crypt:2)
  2 storm dragon skeletons
  15 deep trolls
  An anaconda zombie (Hell)
  A salamander mystic (Depths:4)
  6 sea snakes
  2 orb spiders
  3 pharaoh ants (Spider:2)
  5 bog bodies (Crypt:3)
  6 deep elf archers
  4 lindwurms
  3 steelbarb worms
  5 phantasmal warriors
  5 harpies
  A shadow dragon zombie (Crypt:2)
  3 necromancers
  6 ironbound convokers
  11 deep elf pyromancers
  9 orc knights
  3 shining eyes
  2 thermic dynamos (Elf:3)
  6 deep elf zephyrmancers
  4 wolf spiders (Spider:2)
  9 ugly things
  3 salamanders (Depths:4)
  2 manticores
  A faun (Shoals:2)
  A cyclops (D:15)
  3 moths of wrath
  A stone giant skeleton (WizLab)
  10 elephants
  A rust devil (Depths:4)
  A black mamba (Lair:5)
  3 merfolk sirens
  4 vault sentinels
  4 kobold blastminers
  A smoke demon (Hell)
  2 water nymphs
  A guardian serpent (Desolation)
  A dire elephant zombie (Crypt:1)
  2 eyes of devastation
  2 torpor snails
  3 gargoyles
  5 cane toads
  A molten gargoyle (Desolation)
  A kobold demonologist (D:13)
  9 yaktaurs
  A freezing wraith (Vaults:1)
  A hellion (Crypt:2)
  4 rime drakes
  An efreet (D:14)
  2 unseen horrors (Depths:1)
  2 ice devils (Hell)
  3 tengu conjurers
  A tormentor (Spider:2)
  4 komodo dragons
  A troll (shapeshifter) (Elf:3)
  2 wind drakes
  5 merfolk
  6 polar bears
  3 trolls
  2 hydra zombies (Hell)
  13 guardian mummies (Crypt:3)
  A wandering mushroom (Lair:5)
  A harpy skeleton (Crypt:1)
  2 tarantellas (Spider:2)
  A tyrant leech (Lair:1)
  12 blink frogs
  A stone giant simulacrum (WizLab)
  25 saltlings (Desolation)
  2 snapping turtles
  5 dream sheep
  2 culicivoras
  2 jumping spiders
  32 slime creatures
  An air elemental (Elf:1)
  2 wyverns
  25 yaks
  6 wraiths
  3 fire elementals
  2 shadows
  3 ushabtiu (Crypt:3)
  8 water elementals
  2 wargs (Orc:2)
  2 golden eyes
  10 redbacks
  A death yak simulacrum (Lair:3)
  A sea snake simulacrum (Hell)
  A chaos spawn (Depths:1)
  3 water moccasins
  A demonspawn zombie (Crypt:1)
  A black bear (Lair:3)
  A sky beast (Shoals:2)
  7 orc warriors
  A laughing skull (Crypt:2)
  29 wolves
  6 ogres
  4 centaurs
  A swamp dragon zombie (Crypt:3)
  A bullfrog (Lair:4)
  2 kobold brigands (D:12)
  A scorpion (Lair:1)
  4 earth elementals
  2 elephant simulacra (Lair:3)
  3 killer bees (Lair:2)
  A bombardier beetle (shapeshifter) (Vaults:5)
  4 hounds (D:11)
  4 orc wizards
  A polar bear simulacrum (Lair:3)
  6 mummies (Crypt:3)
  An adder (D:5)
  A hound simulacrum (D:4)
  A ribbon worm (shapeshifter) (Elf:3)
  2 bats (D:5)
  An orc skeleton (Crypt:3)
  A rat (D:11)
  An aspiring flesh (Zot:1)
  A fire vortex (Zot:5)
  5 foxfires
858 creatures vanquished.

Vanquished Creatures (others)
  Asterion (Elf:1)
  2 fire giants
  6 orc warlords
  A white draconian (Zot:1)
  A vault guard (Vaults:5)
  A two-headed ogre (Elf:1)
  7 orc high priests
  A deep elf knight (Elf:3)
  35 orc apostles
  A deep troll (Depths:2)
  An ironbound convoker (Desolation)
  8 orc knights
  A deep elf zephyrmancer (Elf:2)
  A deep elf pyromancer (Elf:2)
  A merfolk siren (Shoals:4)
  A warg (Orc:1)
  12 orc warriors
  An ogre (Orc:2)
  13 orc priests
  2 orc wizards
  18 orcs
  53 fire vortices
  502 foxfires
  8 starspawn tentacles (Abyss:2)
  14 tentacles
692 creatures vanquished.

Grand Total: 3477 creatures vanquished

Notes
Turn   | Place    | Note
-------+----------+-------------------------------------------
     0 | D:5      | Jannitor the Djinni Delver began the quest for the Orb.
     0 | D:5      | Reached XP level 1. HP: 20/20 MP: 0/0
    32 | D:4      | Found a runed translucent gate.
    33 | D:4      | Found a runed translucent gate.
    34 | D:4      | Found a runed translucent gate.
    34 | D:4      | Noticed an iguana
    58 | D:4      | Noticed Dowan
    95 | D:4      | Noticed paps's ghost (amateur TrGl)
   136 | D:3      | Reached XP level 2. HP: 22/25 MP: 0/0
   324 | D:3      | Reached XP level 3. HP: 30/30 MP: 0/0
   324 | D:3      | Learned a level 1 spell: Foxfire
   350 | D:3      | Found a glowing drain.
   357 | Sewer    | Entered a sewer
   378 | Sewer    | Reached XP level 4. HP: 33/35 MP: 0/0
   735 | Sewer    | Reached XP level 5. HP: 38/40 MP: 0/0
   735 | Sewer    | Learned a level 2 spell: Jinxbite
   977 | Sewer    | Noticed a bullfrog
   983 | Sewer    | Killed a bullfrog
  1107 | D:3      | Noticed Robin
  1366 | D:2      | Reached XP level 6. HP: 40/47 MP: 0/0
  1442 | D:2      | Reached skill level 1 in Spellcasting
  1442 | D:2      | Reached skill level 1 in Conjurations
  1442 | D:2      | Reached skill level 1 in Hexes
  1442 | D:2      | Reached skill level 1 in Summonings
  1442 | D:2      | Reached skill level 1 in Necromancy
  1442 | D:2      | Reached skill level 1 in Translocations
  1442 | D:2      | Reached skill level 1 in Fire Magic
  1442 | D:2      | Reached skill level 1 in Ice Magic
  1442 | D:2      | Reached skill level 1 in Air Magic
  1442 | D:2      | Reached skill level 1 in Earth Magic
  1442 | D:2      | Reached skill level 1 in Alchemy
  2524 | D:3      | Killed Robin
  2711 | D:3      | Noticed Sigmund
  2726 | D:3      | Killed Sigmund
  2727 | D:3      | Reached skill level 5 in Stealth
  2727 | D:3      | Reached XP level 7. HP: 32/53 MP: 0/0
  2727 | D:3      | Learned a level 2 spell: Searing Ray
  2882 | D:3      | Identified the +4 whip "Jurgheur" {venom, rElec}
  3272 | D:4      | Noticed Duvessa
  3307 | D:4      | Upgraded the game from 0.32-a0-460-gc8eefc90e7 to
                  | 0.32-a0-470-g255bbe2f98
  3344 | D:4      | Killed Duvessa
  3345 | D:4      | Reached XP level 8. HP: 58/58 MP: 0/0
  3362 | D:4      | Dowan changed into Dowan the boggart
  3362 | D:4      | Noticed Dowan
  3365 | D:4      | Killed Dowan the boggart
  3366 | D:4      | Reached skill level 5 in Fighting
  3531 | D:4      | Noticed Menkaure
  3552 | D:4      | Killed Menkaure
  3553 | D:4      | Reached skill level 5 in Dodging
  4390 | D:5      | Found a runed translucent door.
  4391 | D:5      | Noticed Crazy Yiuf
  4500 | D:5      | Became a worshipper of Beogh the Shepherd
  4510 | D:5      | Upgraded the game from 0.32-a0-470-g255bbe2f98 to
                  | 0.32-a0-481-g9ce6b883f8
  4773 | D:5      | Killed Crazy Yiuf
  4893 | D:6      | Found a staircase to the Ecumenical Temple.
  5058 | D:6      | Reached XP level 9. HP: 66/66 MP: 0/0
  5058 | D:6      | Learned a level 3 spell: Teleport Other
  5119 | D:6      | Noticed Eustachio
  5153 | D:6      | Killed Eustachio
  5154 | D:6      | Reached skill level 5 in Short Blades
  5214 | D:6      | Reached skill level 1 in Invocations
  6118 | D:7      | Reached * piety under Beogh
  6687 | D:8      | Reached XP level 10. HP: 63/73 MP: 0/0
  6992 | D:8      | Noticed a cyan ugly thing
  6993 | D:8      | Noticed a centaur warrior
  7005 | D:8      | Killed a cyan ugly thing
  7174 | D:8      | Noticed a two-headed ogre
  7191 | D:9      | Reached ** piety under Beogh
  7200 | D:9      | Noticed a two-headed ogre
  7211 | D:9      | Killed a two-headed ogre
  7465 | D:9      | Reached skill level 5 in Invocations
  7754 | D:7      | Killed a centaur warrior
  7755 | D:7      | Reached XP level 11. HP: 59/81 MP: 0/0
  7755 | D:7      | Learned a level 4 spell: Manifold Assault
  7860 | D:8      | Noticed a two-headed ogre
  7878 | D:8      | Killed a two-headed ogre
  8112 | D:8      | Found a blossoming altar of Fedhas.
  8156 | D:9      | Noticed Prince Ribbit
  8175 | D:9      | Killed Prince Ribbit
  8337 | D:10     | Entered Level 10 of the Dungeon
  8404 | D:10     | Found a flagged portal.
  8415 | Bailey   | Entered a bailey
  8543 | Bailey   | Noticed an orc knight
  8675 | Bailey   | Killed an orc knight
  8942 | D:10     | Noticed a two-headed ogre
  8956 | D:10     | Killed a two-headed ogre
  9333 | D:11     | Reached *** piety under Beogh
  9359 | D:11     | Noticed Geork
  9464 | D:11     | Anointed Geork the warrior as your apostle
  9549 | D:11     | Found a staircase to the Lair.
  9552 | D:11     | Noticed Erolcha
  9555 | D:11     | Killed Erolcha
  9556 | D:11     | Reached XP level 12. HP: 80/89 MP: 0/0
  9572 | D:11     | Reached skill level 5 in Spellcasting
  9572 | D:11     | Reached skill level 5 in Conjurations
  9572 | D:11     | Reached skill level 5 in Hexes
  9572 | D:11     | Reached skill level 5 in Summonings
  9572 | D:11     | Reached skill level 5 in Necromancy
  9572 | D:11     | Reached skill level 5 in Translocations
  9572 | D:11     | Reached skill level 5 in Fire Magic
  9572 | D:11     | Reached skill level 5 in Ice Magic
  9572 | D:11     | Reached skill level 5 in Air Magic
  9572 | D:11     | Reached skill level 5 in Earth Magic
  9572 | D:11     | Reached skill level 5 in Alchemy
  9826 | D:11     | Found a bloodstained altar of Trog.
  9858 | D:11     | Reached skill level 10 in Dodging
 10073 | Lair:1   | Entered Level 1 of the Lair of Beasts
 10211 | Lair:1   | Noticed Boghold
 10226 | Lair:1   | Anointed Boghold the priest as your apostle
 10268 | Lair:1   | Noticed a boulder beetle
 10281 | Lair:1   | a boulder beetle changed into a tyrant leech
 10286 | Lair:1   | Reached skill level 10 in Fighting
 10296 | Lair:1   | Identified the +5 ring mail "Uloir" {Harm +Blink rF+ rC-}
 10955 | Lair:1   | Found a snail-covered altar of Cheibriados.
 10971 | Lair:1   | Reached XP level 13. HP: 87/96 MP: 0/0
 10971 | Lair:1   | Learned a level 5 spell: Yara's Violent Unravelling
 11278 | Lair:2   | Found a staircase to the Shoals.
 11650 | Lair:2   | Found a hole to the Spider Nest.
 11950 | Lair:3   | Reached **** piety under Beogh
 11971 | Lair:3   | Found a frozen archway.
 12001 | Lair:3   | Identified the +5 great mace "Rofoenk" {holy, ^Fragile rF+
                  | Str+3 Dex+5}
 12008 | Lair:3   | Anointed Warrok the warrior as your apostle
 12025 | IceCv    | Entered an ice cave
 12345 | IceCv    | Reached skill level 10 in Short Blades
 12554 | IceCv    | Found the +4 skin of Zhor {*Englaciate rC+++ SInv}
 12791 | IceCv    | Noticed an ironbound frostheart
 12792 | IceCv    | Noticed an ironbound frostheart
 12814 | IceCv    | Killed an ironbound frostheart
 12815 | IceCv    | Reached XP level 14. HP: 65/105 MP: 0/0
 12832 | IceCv    | Reached ***** piety under Beogh
 13321 | Lair:3   | Reached skill level 10 in Invocations
 13692 | Lair:3   | Noticed Gastronok
 13705 | Lair:3   | Killed Gastronok
 15082 | Lair:4   | Found a staircase to the Slime Pits.
 15431 | Lair:5   | Entered Level 5 of the Lair of Beasts
 16266 | Lair:5   | Reached XP level 15. HP: 66/113 MP: 0/0
 16266 | Lair:5   | Learned a level 6 spell: Dispersal
 16528 | Lair:5   | Found a runed translucent gate.
 16528 | Lair:5   | Found a runed translucent gate.
 16528 | Lair:5   | Found a runed translucent gate.
 16529 | Lair:5   | Noticed an acid blob
 16529 | Lair:5   | Noticed an acid blob
 16529 | Lair:5   | Noticed an azure jelly
 16530 | Lair:5   | Noticed an acid blob
 16530 | Lair:5   | Noticed an azure jelly
 16531 | Lair:5   | Noticed hitsuchi's ghost (journeyman MDCA)
 16531 | Lair:5   | Noticed an acid blob
 16531 | Lair:5   | Noticed an acid blob
 16531 | Lair:5   | Noticed an acid blob
 16532 | Lair:5   | Noticed an azure jelly
 16532 | Lair:5   | Noticed a quicksilver ooze
 16532 | Lair:5   | Noticed an acid blob
 16534 | Lair:5   | Found a viscous altar of Jiyva.
 16975 | Lair:5   | Your ally Boghold died
 16981 | Lair:5   | Your ally Warrok died
 17344 | Lair:5   | Upgraded the game from 0.32-a0-481-g9ce6b883f8 to
                  | 0.32-a0-530-gb6d6f0d0ac
 17856 | D:12     | Found a runed translucent gate.
 17859 | D:12     | Found a runed translucent gate.
 17860 | D:12     | Found a runed translucent gate.
 17862 | D:12     | Noticed docpaisley's ghost (journeyman CoWr)
 17862 | D:12     | Noticed vnsknbfn's ghost (journeyman MiFi)
 17929 | D:12     | Noticed Azrael
 17929 | D:12     | Your ally Geork died
 17956 | D:12     | Killed Azrael
 17983 | D:12     | Noticed Snorg
 18393 | D:12     | Killed Snorg
 18524 | D:12     | Found a runed translucent door.
 18525 | D:12     | Noticed a frost giant
 18525 | D:12     | Noticed a fire giant
 18693 | D:12     | Found a staircase to the Orcish Mines.
 19258 | D:13     | Found a gate to the Vaults.
 19260 | D:13     | Found a gate leading to a gauntlet.
 19269 | Gauntlet | Entered a Gauntlet
 19269 | Gauntlet | Found a transporter.
 19269 | Gauntlet | Found a transporter.
 19284 | Gauntlet | Found a transporter.
 19288 | Gauntlet | Found a transporter.
 19298 | Gauntlet | Found a transporter.
 19300 | Gauntlet | Found a transporter.
 19308 | Gauntlet | Found a transporter.
 19330 | Gauntlet | Found a transporter.
 19348 | Gauntlet | Found a transporter.
 19352 | Gauntlet | Found a transporter.
 19352 | Gauntlet | Found the +8 whip "Snakebite" {venom, curare, rPois}
 19364 | Gauntlet | Found a transporter.
 19365 | Gauntlet | Found a transporter.
 19630 | Gauntlet | Identified the staff of the Original Sin {rElec rPois rF+++
                  | rN+ Int-3 Necro}
 19834 | D:13     | Reached skill level 1 in Maces & Flails
 19972 | D:13     | Reached XP level 16. HP: 106/121 MP: 0/0
 20176 | Orc:1    | Entered Level 1 of the Orcish Mines
 20315 | Orc:2    | Entered Level 2 of the Orcish Mines
 20395 | Orc:2    | Noticed Saint Roka
 20704 | Orc:1    | Found the +0 pair of fencer's gloves {Riposte Dex+3}
 20707 | Orc:1    | Noticed IndexError's ghost (journeyman OnCj)
 20729 | Orc:1    | Noticed Josephine
 20736 | Orc:1    | Killed Josephine
 20892 | Orc:1    | Found a roughly hewn altar of Beogh.
 20892 | Orc:1    | Found a runed translucent gate.
 20893 | Orc:1    | Found a runed translucent gate.
 20894 | Orc:1    | Found a runed translucent gate.
 20991 | Orc:1    | Killed IndexError's ghost
 21001 | Orc:1    | Your ally Warrok died
 21022 | Orc:1    | Anointed Wardok the warrior as your apostle
 21152 | Orc:2    | Killed Saint Roka
 21326 | Orc:2    | Found a staircase to the Elven Halls.
 21533 | Orc:2    | Found Onucsew's Antique Armour Shop.
 21677 | Orc:2    | Found a roughly hewn altar of Beogh.
 21725 | Orc:2    | Found Rudaj's Antique Armour Boutique.
 21726 | Orc:2    | Found Cacvabbe's Antique Armour Shop.
 21790 | Orc:2    | Bought a pair of steaming gloves for 323 gold pieces
 21790 | Orc:2    | Identified the +0 pair of gloves of the Valley of Death
                  | {+Inv Will- rCorr Int+2} (You bought it in a shop on level
                  | 2 of the Orcish Mines)
 21902 | Orc:2    | Found Weunalebb's Weapon Boutique.
 22238 | D:12     | Killed vnsknbfn's ghost
 22239 | D:12     | Killed docpaisley's ghost
 22265 | D:12     | Identified the ring of Etetueshre {Str+6 Dex+6}
 22276 | D:12     | Identified the ring "Picruc" {Ice rCorr Str+3 Stlth+}
 22368 | D:12     | Killed a fire giant
 22369 | D:12     | Reached skill level 15 in Dodging
 22371 | D:12     | Your ally Wardok died
 22375 | D:12     | Killed a frost giant
 22580 | D:14     | Identified the +5 arbalest of Foca {heavy, rPois SInv}
 22694 | D:14     | Identified the granite talisman of Theory {Slay+2}
 22694 | D:14     | Noticed Roxanne
 22713 | D:14     | Killed Roxanne
 23321 | D:14     | Reached XP level 17. HP: 100/129 MP: 0/0
 23321 | D:14     | Learned a level 7 spell: Ozocubu's Refrigeration
 23642 | D:15     | Entered Level 15 of the Dungeon
 24142 | D:15     | Found a staircase to the Depths.
 24165 | D:15     | Your ally Geork died
 24349 | D:15     | Reached skill level 5 in Maces & Flails
 24859 | D:15     | Found a sacrificial altar of Ru.
 24860 | D:15     | Upgraded the game from 0.32-a0-530-gb6d6f0d0ac to
                  | 0.32-a0-534-ga61f84b8bd
 25204 | Spider:1 | Entered Level 1 of the Spider Nest
 25608 | Spider:1 | Gained mutation: Your spells are a little harder to cast,
                  | but a little more powerful. [mutagenic glow]
 25895 | Spider:1 | Your ally Boghold died
 26860 | Spider:2 | Anointed Brandogh the priest as your apostle
 27031 | Spider:2 | Your ally Brandogh died
 27094 | Spider:2 | Identified a scroll of acquirement
 27098 | Spider:2 | Acquired the +0 buckler of Rotini {Fly Regen+}
 27488 | Spider:2 | Reached skill level 1 in Shields
 27554 | Spider:2 | Reached skill level 15 in Fighting
 27563 | Spider:2 | Reached XP level 18. HP: 131/138 MP: 0/0
 28177 | Spider:3 | Reached ****** piety under Beogh
 28388 | Spider:3 | Noticed Arachne
 28409 | Spider:3 | Killed Arachne
 28844 | Spider:3 | Your ally Geork died
 29153 | Spider:3 | Identified the +4 flail of Mourning {freeze, rPois Int+3
                  | Dex+3}
 29608 | Spider:4 | Entered Level 4 of the Spider Nest
 29623 | Spider:4 | Your ally Boghold died
 29631 | Spider:4 | Your ally Brandogh died
 30616 | Spider:4 | Noticed Mara
 30747 | Spider:4 | Killed Mara
 30880 | Spider:4 | Noticed Louise
 30927 | Spider:3 | Anointed Grimold the priest as your apostle
 30968 | Abyss:2  | Cast into level 2 of the Abyss (Louise)
 31160 | Abyss:2  | Noticed a Hell Sentinel
 31315 | Abyss:2  | Noticed a bone dragon
 31384 | Abyss:2  | Noticed a bone dragon
 31386 | Spider:4 | Escaped the Abyss
 31399 | Spider:4 | Killed Louise
 31972 | Spider:4 | Your ally Boghold died
 31977 | Spider:4 | Your ally Grimold died
 32141 | Spider:4 | Got a gossamer rune of Zot
 32345 | Shoals:1 | Entered Level 1 of the Shoals
 32656 | Shoals:1 | Noticed Nikola
 32665 | Shoals:1 | Killed Nikola
 32912 | Shoals:1 | Reached XP level 19. HP: 136/144 MP: 0/0
 32912 | Shoals:1 | Learned a level 6 spell: Starburst
 33101 | Shoals:1 | Reached skill level 5 in Shields
 33852 | Shoals:2 | Found Yskicuats's Book Emporium.
 33867 | Shoals:2 | Your ally Boghold died
 34878 | Shoals:3 | Found Coasid's General Store.
 34933 | Shoals:3 | Bought a box of beasts for 680 gold pieces
 35662 | Shoals:4 | Entered Level 4 of the Shoals
 35716 | Shoals:4 | Your ally Boghold died
 35722 | Shoals:4 | Reached skill level 15 in Invocations
 35724 | Shoals:4 | Your ally Geork died
 35733 | Shoals:4 | Reached skill level 10 in Spellcasting
 35733 | Shoals:4 | Reached skill level 10 in Conjurations
 35733 | Shoals:4 | Reached skill level 10 in Hexes
 35733 | Shoals:4 | Reached skill level 10 in Summonings
 35733 | Shoals:4 | Reached skill level 10 in Necromancy
 35733 | Shoals:4 | Reached skill level 10 in Translocations
 35733 | Shoals:4 | Reached skill level 10 in Fire Magic
 35733 | Shoals:4 | Reached skill level 10 in Ice Magic
 35733 | Shoals:4 | Reached skill level 10 in Air Magic
 35733 | Shoals:4 | Reached skill level 10 in Earth Magic
 35733 | Shoals:4 | Reached skill level 10 in Alchemy
 35740 | Shoals:4 | Got a barnacled rune of Zot
 36032 | Shoals:4 | Identified the +4 helmet of Bassuhut {rF++ Str+3 Int+3}
 36596 | Shoals:4 | Reached XP level 20. HP: 130/152 MP: 0/0
 36642 | Shoals:4 | Identified the +0 helmet of the Distant Future {Harm}
 36728 | Shoals:4 | Your ally Grimold died
 36801 | Shoals:4 | Found the +9 sword of Power {lifebolt}
 37312 | Vaults:1 | Entered Level 1 of the Vaults
 37706 | Vaults:1 | Noticed Norris
 37714 | Vaults:1 | Found Jounuzont's Magic Scroll Shoppe.
 37749 | Vaults:1 | Bought a scroll of identify for 28 gold pieces
 37749 | Vaults:1 | Bought a scroll of identify for 28 gold pieces
 37751 | Vaults:1 | Reached XP level 21. HP: 158/158 MP: 0/0
 37751 | Vaults:1 | Learned a level 8 spell: Discord
 37822 | Vaults:1 | Found Pibboesch's Antique Weapon Shop.
 37887 | Vaults:1 | Killed Norris
 37963 | Vaults:1 | Reached XP level 22. HP: 166/166 MP: 0/0
 37964 | Vaults:1 | Reached XP level 23. HP: 171/171 MP: 0/0
 37964 | Vaults:1 | Learned a level 7 spell: Orb of Destruction
 38108 | Vaults:1 | Found a transporter.
 38108 | Vaults:1 | Found the macabre finger necklace {Finger+ rN+}
 38120 | Vaults:1 | Found a transporter.
 38302 | Vaults:1 | Reached skill level 1 in Armour
 38573 | Vaults:1 | Reached skill level 10 in Maces & Flails
 38832 | Vaults:2 | Your ally Geork died
 38834 | Vaults:2 | Your ally Grimold died
 38901 | Vaults:2 | Your ally Boghold died
 39012 | Vaults:2 | Found Nuor Zok's Antique Armour Shop.
 39315 | Vaults:2 | Found Cacuaxan's Weapon Boutique.
 39446 | Vaults:2 | Identified the orb of the Depths {*channel, Tloc Fire}
 39471 | Vaults:2 | Anointed Beowulf the wizard as your apostle
 39635 | Vaults:2 | Reached XP level 24. HP: 179/179 MP: 0/0
 39839 | Vaults:2 | Found Kelus's Magic Scroll Shop.
 39850 | Vaults:2 | Bought a scroll of teleportation for 51 gold pieces
 39938 | Vaults:2 | Found Higi Henie's General Store.
 39994 | Vaults:2 | Found Geita's Book Boutique.
 40191 | Vaults:2 | Found a staircase to the Crypt.
 40191 | Vaults:2 | Found a basalt altar of Yredelemnul.
 40543 | Vaults:3 | Reached skill level 1 in Evocations
 40847 | Vaults:3 | Reached skill level 10 in Shields
 41719 | Vaults:3 | Reached skill level 5 in Armour
 41978 | Vaults:4 | Found Uqeduo's Weapon Shop.
 43083 | Vaults:5 | Entered Level 5 of the Vaults
 43421 | Elf:1    | Entered Level 1 of the Elven Halls
 43474 | Elf:1    | Found Gemodoev's Neck Hole.
 43483 | Elf:1    | Bought a +1 cloak of willpower for 198 gold pieces
 43528 | Elf:1    | Noticed Asterion
 43540 | Elf:1    | Killed Asterion
 43544 | Elf:1    | Found a crumbling gateway.
 43560 | Elf:1    | Your ally Grimold died
 43566 | Elf:1    | Found a glowing golden altar of the Shining One.
 43566 | Elf:1    | Found a glowing silver altar of Zin.
 43566 | Elf:1    | Found a white marble altar of Elyvilon.
 43616 | Desolati | Entered the Desolation of Salt
 43889 | Desolati | Identified the +8 rapier of the Mauling Pill Bug {flame,
                  | Str+2}
 44123 | Desolati | Your ally Geork died
 44140 | Desolati | Reached XP level 25. HP: 143/186 MP: 0/0
 44140 | Desolati | Learned a level 9 spell: Polar Vortex
 44166 | Desolati | Identified the +0 pair of gloves of Omission {Harm rPois
                  | Str+4}
 44321 | Desolati | Identified the ring "Mofir" {rF+ Int+6}
 45055 | Desolati | Reached skill level 5 in Evocations
 45279 | Desolati | Identified the +0 plate armour of the Clam {Regen+ Str+2}
 45529 | Elf:1    | Anointed Ugbert the priest as your apostle
 45611 | Elf:1    | Paralysed by an air elemental for 1 turns
 45869 | Elf:1    | Found a roughly hewn altar of Beogh.
 46573 | Elf:2    | Found a runed translucent gate.
 46574 | Elf:2    | Found a runed translucent gate.
 46574 | Elf:2    | Found a runed translucent gate.
 48114 | Elf:3    | Entered Level 3 of the Elven Halls
 48321 | Elf:3    | Your ally Grimold died
 48445 | Elf:3    | Reached XP level 26. HP: 92/195 MP: 0/0
 48449 | Elf:3    | Your ally Beowulf died
 48467 | Elf:3    | Anointed Blodwig the priest as your apostle
 48608 | Elf:3    | Identified the +0 leather armour of Evolution {rF- Str-3
                  | Dex+7}
 48626 | Elf:3    | Identified the amulet "Ceikinlo" {Acrobat rElec Int+4
                  | Dex-5}
 48691 | Elf:3    | Identified the +4 scale mail of Mysticism {rC+ rCorr Int-2
                  | Dex+3}
 48700 | Elf:3    | Identified the staff of Jamyliqeof {+Blink Dex+3 Conj
                  | Necro}
 48754 | Elf:3    | Identified the +2 shortbow of Past Mistakes {elec, Will-
                  | Str+4 Dex+4}
 48757 | Elf:3    | Identified the +1 leather armour "Nilys" {+Inv Str-5
                  | Slay+2}
 48969 | Elf:3    | Paralysed by an air elemental for 1 turns
 49718 | Depths:1 | Entered Level 1 of the Depths
 49780 | Depths:1 | Found a one-way gate to the infinite horrors of the Abyss.
 49953 | Depths:1 | Identified the +0 robe of Bolaun {Will+ rCorr Str+3 Slay+3}
 50000 | Depths:1 | Found a one-way gateway to a ziggurat.
 50335 | Depths:1 | Upgraded the game from 0.32-a0-534-ga61f84b8bd to
                  | 0.32-a0-572-g3e1049bc92
 50417 | Depths:1 | Found a gateway to Hell.
 51184 | Depths:1 | Your ally Beowulf died
 51453 | Depths:2 | Found a one-way gate leading to the halls of Pandemonium.
 51573 | Depths:2 | Identified the +6 whip of Reuhachye {speed, rPois rF++
                  | Str+2 Stlth+}
 51591 | Depths:2 | Your ally Ugbert died
 52091 | Depths:2 | Identified the +8 long sword of Quiescent Action {holy,
                  | rElec Will- MP+9 Stlth+}
 52706 | Depths:3 | Reached XP level 27. HP: 192/202 MP: 0/0
 52706 | Depths:3 | Learned a level 9 spell: Fire Storm
 52850 | Depths:3 | Noticed a juggernaut
 52863 | Depths:3 | Killed a juggernaut
 52922 | Depths:3 | Identified the +0 leather armour "Backig" {rN+ Str+9 Dex-4}
 53050 | Depths:3 | Your ally Beowulf died
 53258 | Depths:3 | Reached skill level 10 in Armour
 54049 | Depths:3 | Identified the +10 war axe of Brawling {pain, rPois rN+
                  | Will+}
 54645 | Vaults:5 | Noticed an ancient lich
 54653 | Vaults:5 | Killed an ancient lich
 54772 | Vaults:5 | Identified the +7 war axe of the Keeping Hero {vamp, rElec
                  | Will+}
 54926 | Vaults:5 | Got a silver rune of Zot
 55115 | Vaults:5 | Reached skill level 10 in Evocations
 55147 | Vaults:5 | Your ally Blodwig died
 55338 | Vaults:5 | Found Moczifiv's Weapon Shoppe.
 55345 | Vaults:5 | Identified the +1 long sword of the Magi {drain, Str+3
                  | Int+2}
 55362 | Vaults:5 | Your ally Ugbert died
 55511 | Vaults:5 | Noticed Sojobo
 55523 | Vaults:5 | Killed Sojobo
 55659 | Vaults:5 | Your ally Beowulf died
 55744 | Vaults:4 | Anointed Zartorak the priest as your apostle
 55870 | Vaults:5 | Identified the +1 robe of Niamuf {Stlth+ Archmagi}
 55958 | Vaults:5 | Noticed a dread lich
 56007 | Vaults:5 | Your ally Beowulf died
 56027 | Vaults:5 | Killed a dread lich
 56028 | Vaults:5 | Identified the +5 mace of Nieppatseq {holy, Str+7}
 56993 | Crypt:1  | Entered Level 1 of the Crypt
 57715 | Crypt:2  | Found a magical portal.
 57720 | WizLab   | Entered Zonguldrok's Shrine
 58037 | WizLab   | Noticed an antique champion
 58037 | WizLab   | Noticed an antique champion
 58041 | WizLab   | Killed an antique champion
 58053 | WizLab   | Killed an antique champion
 58129 | WizLab   | Identified the +5 shadow dragon scales of the Desert {Str+4
                  | Dex-2 Stlth++++}
 58313 | Crypt:2  | Your ally Beowulf died
 58330 | Crypt:2  | Anointed Arbeogh the wizard as your apostle
 58571 | Crypt:2  | Reached skill level 15 in Shields
 58951 | Crypt:2  | Found a runed translucent gate.
 58951 | Crypt:2  | Found a runed translucent gate.
 58952 | Crypt:2  | Found a runed translucent gate.
 58953 | Crypt:2  | Noticed Gocu's ghost (veteran MiGl)
 59005 | Crypt:2  | Killed Gocu's ghost
 59061 | Crypt:2  | Identified the +2 orcbow of Intimidation {drain, rC+ Int+7
                  | Dex+5}
 59062 | Crypt:2  | Identified the +2 ring mail "Aloryty" {+Blink rF+}
 59145 | Crypt:3  | Entered Level 3 of the Crypt
 59145 | Crypt:3  | Found a staircase to the Tomb.
 59564 | Crypt:3  | Identified the +1 robe "Ygetsyghu" {Harm rN++ Regen+ Int-2}
 59865 | Crypt:3  | Identified the +9 quarterstaff of Scorn {heavy, Fly MP+9
                  | Int+3}
 59865 | Crypt:3  | Noticed a royal mummy
 59874 | Crypt:3  | Killed a royal mummy
 60578 | Crypt:3  | Identified the +0 ring mail "Vaniosoe" {^Contam rPois Str+4
                  | Int+2}
 60622 | Crypt:3  | Identified the +1 whip of the Vendetta {antimagic, Fly
                  | rPois rN+ Str-4}
 60622 | Crypt:3  | Identified the amulet "Fyka Itu" {Acrobat Str+2}
 60838 | Crypt:3  | Identified the +4 scale mail of the World {Rampage Str-2
                  | Dex+3}
 61473 | Slime:1  | Entered Level 1 of the Pits of Slime
 62391 | Slime:5  | Entered Level 5 of the Pits of Slime
 62408 | Slime:5  | Reached skill level 15 in Spellcasting
 62408 | Slime:5  | Reached skill level 15 in Conjurations
 62408 | Slime:5  | Reached skill level 15 in Hexes
 62408 | Slime:5  | Reached skill level 15 in Summonings
 62408 | Slime:5  | Reached skill level 15 in Necromancy
 62408 | Slime:5  | Reached skill level 15 in Translocations
 62408 | Slime:5  | Reached skill level 15 in Fire Magic
 62408 | Slime:5  | Reached skill level 15 in Ice Magic
 62408 | Slime:5  | Reached skill level 15 in Air Magic
 62408 | Slime:5  | Reached skill level 15 in Earth Magic
 62408 | Slime:5  | Reached skill level 15 in Alchemy
 62968 | Slime:5  | Found a viscous altar of Jiyva.
 63141 | Slime:5  | Noticed the Royal Jelly
 63149 | Slime:5  | Killed the Royal Jelly
 63149 | Slime:5  | Your ally Blodwig died
 63269 | Slime:5  | Found the +8 pair of quick blades "Gyre" and "Gimble"
                  | {protect}
 63289 | Slime:5  | Identified the ring "Siorot Gabe" {rF+ rCorr Dex+6}
 63294 | Slime:5  | Identified the +4 leather armour of Resilience {rF- rC+++
                  | Str+2}
 63313 | Slime:5  | Identified the ring "Defisow" {rC- rN+ AC+4 Stlth+}
 63316 | Slime:5  | Identified the +1 orcbow of the Feather {speed, Dex+3 SInv}
 63352 | Slime:5  | Identified the +4 triple crossbow of Ethereal Punishment
                  | {heavy, rPois}
 63366 | Slime:5  | Got a slimy rune of Zot
 63421 | Slime:5  | Identified the +0 ring mail of Space {rPois Will+++ Dex-4
                  | Stlth+}
 64223 | Slime:2  | Identified the +9 dagger of Righteous Anger {pain, +Blink
                  | Will- Int+5}
 64483 | D:4      | Killed paps's ghost
 64558 | D:5      | Found Ynnah's Assorted Antiques.
 65498 | Shoals:3 | Bought the ring "Mouz" {Wiz Str+4} for 771 gold pieces
 65807 | Hell     | Entered the Vestibule of Hell
 65811 | Hell     | Noticed Geryon
 65817 | Hell     | Noticed Murray
 65890 | Depths:1 | Killed Murray
 66119 | Depths:4 | Entered Level 4 of the Depths
 66177 | Depths:4 | Your ally Blodwig died
 66532 | Depths:4 | Your ally Arbeogh died
 66728 | Depths:4 | Noticed the Enchantress
 66740 | Depths:4 | Killed the Enchantress
 67201 | Depths:4 | Found a gate to the Realm of Zot.
 67652 | Hell     | Killed Geryon
 67703 | Hell     | Your ally Zartorak died
 68079 | Hell     | Found a gateway to the decaying netherworld of Tartarus.
 68177 | Hell     | Found a gateway to the freezing wastes of Cocytus.
 68247 | Hell     | Found a gateway to the Iron City of Dis.
 68301 | Hell     | Found a gateway to the ashen valley of Gehenna.
 68400 | Hell     | Upgraded the game from 0.32-a0-572-g3e1049bc92 to
                  | 0.32-a0-585-gef4fe23122
 68489 | Zot:1    | Entered Level 1 of the Realm of Zot
 68553 | Depths:4 | Gained mutation: Your body sometimes deteriorates upon
                  | taking damage. [a shining eye]
 68930 | Zot:1    | Found a runed translucent door.
 69177 | Zot:1    | Noticed Nanua's ghost (legendary GnRe)
 69537 | Zot:2    | Noticed an orb of fire
 69541 | Zot:2    | Killed an orb of fire
 69971 | Zot:2    | Was placed under penance by Beogh
 70576 | Zot:2    | Identified the +6 sling of Fortitude {heavy, Will+ Stlth+}
 70631 | Zot:2    | Identified the +1 plate armour "Moletz" {Rampage ^Drain
                  | Int+4}
 70990 | Zot:2    | Was forgiven by Beogh
 72854 | Zot:4    | Noticed an orb of fire
 72857 | Zot:4    | Gained mutation: You are weak. (Str -2) [an orb of fire]
 72858 | Zot:4    | Killed an orb of fire
 73765 | Zot:4    | Found the +4 dragonskin cloak
 73765 | Zot:4    | Noticed Tiamat
 73798 | Zot:4    | Killed Tiamat
 74766 | Zot:5    | Entered Level 5 of the Realm of Zot
 75468 | Zot:5    | Noticed a dread lich
 75606 | Zot:5    | Noticed a dread lich
 75613 | Zot:5    | Killed a dread lich
 75646 | Zot:5    | Noticed a Killer Klown
 75648 | Zot:5    | Killed a Killer Klown
 75867 | Zot:5    | Noticed an orb of fire
 75868 | Zot:5    | Gained mutation: Armour fits poorly on your strangely
                  | shaped body. [an orb of fire]
 75872 | Zot:5    | Killed an orb of fire
 75898 | Zot:5    | Noticed a Killer Klown
 75931 | Zot:5    | Noticed a Killer Klown
 75936 | Zot:5    | Killed a Killer Klown
 76075 | Zot:5    | Noticed an orb of fire
 76075 | Zot:5    | Gained mutation: You are very weak. (Str -4) [an orb of
                  | fire]
 76080 | Zot:5    | Killed an orb of fire
 76080 | Zot:5    | Noticed a Killer Klown
 76094 | Zot:5    | Killed a Killer Klown
 76139 | Zot:5    | Lost mutation: You are very weak. (Str -4) [potion of
                  | mutation]
 76139 | Zot:5    | Lost mutation: Your spells are a little harder to cast, but
                  | a little more powerful. [potion of mutation]
 76139 | Zot:5    | Lost mutation: Armour fits poorly on your strangely shaped
                  | body. [potion of mutation]
 76139 | Zot:5    | Gained mutation: Your mind is acute. (Int +4, Str/Dex -1)
                  | [potion of mutation]
 76139 | Zot:5    | Gained mutation: Your flesh is almost immune to the effects
                  | of heat. (rF+++) [potion of mutation]
 76145 | Zot:5    | Noticed an orb of fire
 76151 | Zot:5    | Killed an orb of fire
 76273 | Zot:5    | Noticed a Killer Klown
 76274 | Zot:5    | Killed a Killer Klown
 76276 | Zot:5    | Killed a Killer Klown
 76498 | Zot:5    | Noticed a Killer Klown
 76500 | Zot:5    | Killed a Killer Klown
 76659 | Zot:5    | Killed a dread lich
 76807 | Zot:5    | Got the Orb of Zot
 76811 | Zot:5    | Noticed Sir Igi the pandemonium lord
 76814 | Zot:5    | Killed Sir Igi the pandemonium lord
 77102 | Depths:1 | Noticed Guti the pandemonium lord
 77107 | Depths:1 | Killed Guti the pandemonium lord
 77431 | D:$      | Escaped with the Orb!

Illustrated notes

Levels and vault maps discovered:
D:1:      reono_arrival_mine, layout_basic
D:2:      layout_basic, kennysheep_nub, minmay_misc_feat_alley
D:3:      layout_basic, serial_forest, infiniplex_forest_straight_2,
          infiniplex_forest_clump_tiny, infiniplex_forest_straight_3,
          infiniplex_forest_lined_2, infiniplex_forest_lined_2,
          infiniplex_forest_lined_room_2, gup_sewer_entry_bubbles, st_stairs_2,
          grunt_ministairs_4, uniq_sigmund, uniq_robin
D:4:      layout_cave_pods, gammafunk_ghost_icy, uniq_duvessa, uniq_menkaure
D:5:      old_forge, layout_cave_pools, serial_shops, shop,
          uniq_crazy_yiuf_cottage
D:6:      layout_basic, temple_green, uniq_eustachio
D:7:      layout_basic, st_stairs_11, hangedman_decor_push
D:8:      layout_loops_ring, fedhas_altar_decomposition, kb_rosetta
D:9:      layout_basic, uniq_prince_ribbit1
D:10:     layout_roguey, enter_bailey_1
D:11:     layout_basic, erik_lair_island, serial_corexii_hall,
          corexii_hall_statues_l, chequers_hall_statues_corner_a, tgw_trog,
          uniq_erolcha
D:12:     layout_long_grid, orc_0_dummy, gammafunk_ghost_cemetery,
          minmay_hidden_floor, uniq_snorg, uniq_azrael
D:13:     layout_cave_pools, erik_vaults_1, gauntlet_entry_generic
D:14:     layout_basic, dreamdust_princess_corridor, uniq_roxanne
D:15:     hellmonk_depths_entry_around_the_bend, layout_loops_corners,
          nicolae_ru_awakened_eye, minivault_11
Lair:1:   layout_regular_city, kennysheep_snail_temple
Lair:2:   layout_loops_ring, minmay_shoals_entry_hut,
          hellmonk_spider_entry_not_the_bees, grunt_megastairs_3
Lair:3:   layout_cellular_growth, portal_ice_cave_entry_ice_simulacra,
          grunt_megastairs_1, uniq_gastronok
Lair:4:   layout_regular_city, minmay_slime_entry_pillars
Lair:5:   grunt_lair_end_beastmaster, layout_regular_city, gammafunk_ghost_ooze,
          st_stairs_10
Shoals:1: layout_shoals, uniq_nikola
Shoals:2: layout_shoals, serial_shops, shop,
          nicolae_shoals_siren_and_animal_friends
Shoals:3: layout_shoals, nicolae_stop_n_shop_1
Shoals:4: shoals_end_simple, layout_shoals, nicolae_shoals_dead_sea_scrolls
Spider:1: layout_cave_pods
Spider:2: layout_spider_delve, nicolae_spider_orb_run,
          hangedman_spider_tarantella_strand
Spider:3: layout_chambers, uniq_arachne
Spider:4: grunt_spider_rune_circles, uniq_mara, uniq_louise
Slime:1:  layout_caves
Slime:2:  layout_caves
Slime:3:  layout_caves
Slime:4:  layout_caves
Slime:5:  slime_pit_nicolae_jellycorners
Orc:1:    layout_caves, gammafunk_ghost_split, basic_altar, uniq_josephine
Orc:2:    st_orc_town, layout_diamond_mine, uniq_saint_roka
Elf:1:    layout_geoelf_grid, special_room [special_room_orc],
          portal_desolation_entry_holy_temple, kilobyte_rumbling_trees,
          st_stairs_5, nicolae_shop_sticking_my_neck_out, uniq_asterion
Elf:2:    nicolae_elf_blades_splatter_lattice
          [nicolae_blade_entry_area_security], layout_loops_cross,
          corner_web_ring
Elf:3:    minmay_elf_hall_circle, layout_onion_city, minivault_28
Vaults:1: nicolae_vaults_more_shelving_1, vaults_room_grunt_arrival_ludios,
          nicolae_vaults_wine_cellar, nicolae_vaults_two_Ls,
          nicolae_vaults_rhombus_6, nicolae_vaults_closet_pinwheel_4,
          nicolae_vaults_yaktaur_gun_rack, ontoclasm_vaults_spin,
          nicolae_vaults_tetromino_Z_2, nicolae_vaults_double_plus_2,
          nicolae_vaults_octothorpe, gammafunk_sealed_arena, layout_vaults_ring,
          serial_shops, shop, shop, uniq_norris
Vaults:2: hangedman_vaults_maws, nicolae_vaults_turnstiles,
          minmay_crypt_entry_necro_gods, nicolae_vaults_network_s,
          vaults_room_pools, nicolae_vaults_house_1,
          nicolae_vaults_surprise_closet, nicolae_vaults_tetromino_Z_1,
          nicolae_vaults_border_crossing, nicolae_vaults_surprise_closet,
          layout_vaults_omnigrid, serial_shops, nicolae_shop_crystal,
          nicolae_shop_pleasant_corner_grove, nicolae_shop_tiny_waterfront,
          nicolae_shop_behind_doors, nicolae_shop_hallway_plus
Vaults:3: vaults_room_boxed, nicolae_vaults_surprise_closet, v_misc_18,
          nicolae_vaults_network_quinsquares
          [nicolae_vaults_network_quincunx_subvault,
          nicolae_vaults_network_quincunx_subvault,
          nicolae_vaults_network_quincunx_subvault,
          nicolae_vaults_network_quincunx_subvault], vaults_mumra_hexcomb,
          v_pattern_2, nicolae_vaults_tangram_2, v_misc_16,
          nicolae_vaults_variable_pillar_hall,
          nicolae_vaults_offset_grid_hallway_3, nicolae_vaults_shelves_hall,
          nicolae_vaults_diamond_1, nicolae_vaults_cochlea,
          nicolae_vaults_house_1, vaults_dpeg_ring, layout_vaults_maze_snakey
Vaults:4: nicolae_vaults_theta, nicolae_vaults_apartment_1, vaults_room_hallway,
          ontoclasm_vaults_gateway, nicolae_vaults_closet_pinwheel_4,
          vaults_dpeg_cross, ontoclasm_vaults_chip, st_hourglassy,
          nicolae_vaults_taking_the_gang_shopping, layout_vaults_chaotic_city
Vaults:5: uniq_sojobo
Crypt:1:  layout_misc_corridors, grunt_ministairs_2
Crypt:2:  layout_misc_corridors, infiniplex_enter_wizlab_spiral,
          gammafunk_ghost_spectres, special_room [special_room_morgue]
Crypt:3:  due_elkab, layout_chaotic_city, nicolae_crypt_booths_of_the_dead
Depths:1: minmay_skeletal_surprise, layout_long_grid, enter_ziggurat_f,
          hangedman_tar_grid_catacomb, minmay_misc_feat_enclosed,
          minmay_room_of_horrors, nicolae_vehumet_radiance
Depths:2: kennysheep_ambush_hall, layout_gridville, nicolae_eternal_life,
          grunt_pan_entry_zigzag, hell_entry
Depths:3: evilmike_diamond_2, layout_basic, lightli_too_deep, abyss_entry,
          nrook_mini_vaults, minmay_multi_spiral, serial_bayou_shore_b,
          infiniplex_staircase_pool_lava
Depths:4: evilmike_zot_entry_round, layout_cave_pools, abyss_entry, hell_entry,
          serial_column_ruins, column_ruins_open_medium, column_ruins_open_tiny,
          column_ruins_columns_straight, special_room [special_room_jelly],
          uniq_enchantress
Hell
Zot:1:    layout_onion, hellmonk_ghost_happy_afterlife
Zot:2:    minmay_elemental_castle, layout_basic, regret_index_zotdec_magical_s
Zot:3:    layout_onion_interference, regret_index_zotdec_ex
Zot:4:    lemuel_firehouse, layout_cathedral_of_symmetry, skrybe_zot_glass_3,
          grunt_ministairs_8, uniq_tiamat
Zot:5:    layout_onion

Skill      XL: |  1  2  3  4  5  6  7  8  9 10 11 12 13 14 15 16 17 18 19 20 21 22 23 24 25 26 27 |
---------------+----------------------------------------------------------------------------------+-----
Short Blades   | 2 3 4 5 7 8 9 10 11 12 | 12.0
Dodging        | 3 4 5 7 8 9 10 12 13 14 15 16 17 18 | 18.1
Spellcasting   | 1 2 3 4 5 6 7 8 9 10 11 12 13 24 | 24.0
Conjurations   | 1 2 3 4 5 6 7 8 9 10 11 12 13 24 | 24.0
Hexes          | 1 2 3 4 5 6 7 8 9 10 11 12 13 24 | 24.0
Summonings     | 1 2 3 4 5 6 7 8 9 10 11 12 13 24 | 24.0
Necromancy     | 1 2 3 4 5 6 7 8 9 10 11 12 13 24 | 24.0
Translocations | 1 2 3 4 5 6 7 8 9 10 11 12 13 24 | 24.0
Fire Magic     | 1 2 3 4 5 6 7 8 9 10 11 12 13 24 | 24.0
Ice Magic      | 1 2 3 4 5 6 7 8 9 10 11 12 13 24 | 24.0
Air Magic      | 1 2 3 4 5 6 7 8 9 10 11 12 13 24 | 24.0
Earth Magic    | 1 2 3 4 5 6 7 8 9 10 11 12 13 24 | 24.0
Alchemy        | 1 2 3 4 5 6 7 8 9 10 11 12 13 24 | 24.0
Fighting       | 4 5 6 8 9 10 11 12 13 14 15 16 17 18 19 21 | 21.1
Stealth        | 5 |  5.6
Invocations    | 3 5 6 8 9 10 12 13 14 15 16 17 18 20 | 20.1
Maces & Flails | 1 4 6 7 8 9 10 11 12 | 12.0
Shields        | 1 4 6 8 9 10 11 12 15 | 15.7
Armour         | 3 6 7 9 13 | 13.3
Evocations     | 4 6 8 14 | 14.2

Action                     |  1- 3 |  4- 6 |  7- 9 | 10-12 | 13-15 | 16-18 | 19-21 | 22-24 | 25-27 || total
---------------------------+-------+-------+-------+-------+-------+-------+-------+-------+-------++-------
  Melee: Short sword       |    58 |    66 |       |       |       |       |       |       |       ||   124
         Dagger            |       |     4 |   230 |   529 |  1145 |       |       |       |       ||  1908
         Unarmed           |       |       |    16 |       |       |       |       |       |       ||    16
         Whip              |       |       |       |       |    47 |  1522 |  1190 |  1386 |  2378 ||  6523
         Sacred scourge    |       |       |       |       |       |       |       |   116 |  2801 ||  2917
   Cast: Foxfire           |     6 |    92 |    75 |   123 |    26 |       |       |       |       ||   322
         Jinxbite          |       |     4 |    27 |    43 |   110 |    13 |       |       |     6 ||   203
         Searing Ray       |       |       |    10 |     1 |     5 |       |       |       |       ||    16
         Teleport Other    |       |       |       |     4 |       |       |       |       |       ||     4
         Manifold Assault  |       |       |       |     3 |   440 |   748 |   652 |   626 |  1637 ||  4106
         Starburst         |       |       |       |       |       |       |     1 |     6 |     2 ||     9
         Yara's Violent Un |       |       |       |       |       |       |     1 |     3 |    42 ||    46
         Ozocubu's Refrige |       |       |       |       |       |       |       |       |   179 ||   179
         Orb of Destructio |       |       |       |       |       |       |       |       |   117 ||   117
         Fire Storm        |       |       |       |       |       |       |       |       |    91 ||    91
         Dispersal         |       |       |       |       |       |       |       |       |     9 ||     9
         Polar Vortex      |       |       |       |       |       |       |       |       |     4 ||     4
         Discord           |       |       |       |       |       |       |       |       |     2 ||     2
 Invoke: Convert to Beogh  |       |       |     1 |       |       |       |       |       |       ||     1
         Smiting           |       |       |       |     9 |    19 |    38 |     5 |     3 |    64 ||   138
         Recruit Apostle   |       |       |       |     2 |     1 |     3 |       |     1 |     4 ||    11
         Recall Apostles   |       |       |       |     1 |     6 |     8 |     7 |     3 |    38 ||    63
         Dismiss Apostle   |       |       |       |       |       |     3 |       |     1 |     4 ||     8
         Blood for Blood   |       |       |       |       |       |       |     1 |     1 |     3 ||     5
  Evoke: Wand              |     1 |       |     7 |    19 |     2 |     1 |     2 |       |     1 ||    33
         Lightning rod     |       |       |       |       |     2 |       |       |       |       ||     2
         Horn of Geryon    |       |       |       |       |       |       |       |       |     1 ||     1
         Box of beasts     |       |       |       |       |       |       |       |       |     1 ||     1
         Phantom mirror    |       |       |       |       |       |       |       |       |     1 ||     1
    Use: Potion            |     1 |       |       |     5 |     4 |    11 |     5 |     3 |     9 ||    38
         Scroll            |       |       |     9 |     9 |     8 |     8 |     5 |     7 |    16 ||    62
   Stab: Sleeping          |     2 |     2 |     4 |    11 |     8 |     8 |       |     2 |     2 ||    39
         Confused          |       |       |     7 |       |       |       |       |       |       ||     7
         Distracted        |       |       |       |     2 |     1 |     3 |     3 |     4 |    78 ||    91
         Invisible         |       |       |       |     1 |       |     2 |       |       |       ||     3
         Paralysed         |       |       |       |       |     1 |       |       |       |       ||     1
 Armour: Leather armour    |    10 |    50 |   198 |   220 |       |       |       |       |       ||   478
         Skin              |       |       |     2 |       |       |     5 |       |       |       ||     7
         Troll leather arm |       |       |       |    38 |    41 |       |       |       |       ||    79
         Animal skin       |       |       |       |       |   163 |   219 |    69 |   120 |   602 ||  1173
  Dodge: Dodged            |    33 |    65 |   279 |   392 |   290 |   404 |   127 |   208 |  1185 ||  2983
         Repelled          |       |       |       |       |     5 |    18 |     3 |     6 |    19 ||    51
  Block: Buckler           |       |       |       |       |       |    43 |    50 |    76 |   516 ||   685
Riposte: Whip              |       |       |       |       |       |    88 |    38 |    69 |   104 ||   299
         Sacred scourge    |       |       |       |       |       |       |       |       |   244 ||   244

Table legend: (Time is in decaauts)
 A = Elapsed time spent in this place.
 B = Non-inter-level travel time spent in this place.
 C = Inter-level travel time spent in this place.
 D = Time resting spent in this place.
 E = Time spent auto-exploring this place.
 F = Levels seen in this place.
 G = Mean time per level.
                   A        B        C        D        E       F      G
               +--------+--------+--------+--------+--------+-----+--------+
         Total |  74350 |  69338 |   5012 |  19039 |  33890 |  63 | 1180.2 |
       Dungeon |  15343 |  13348 |   1995 |   1665 |   8225 |  15 | 1022.9 |
          Lair |   6706 |   5892 |    814 |   1151 |   3700 |   5 | 1341.2 |
        Shoals |   4761 |   4540 |    221 |   1057 |   2646 |   4 | 1190.2 |
   Spider Nest |   6547 |   6406 |    141 |   2756 |   2666 |   4 | 1636.8 |
    Slime Pits |   2724 |   2672 |     52 |   1824 |    361 |   5 |  544.8 |
  Orcish Mines |   2095 |   1917 |    178 |    508 |   1000 |   2 | 1047.5 |
   Elven Halls |   4087 |   3945 |    142 |    971 |   2052 |   3 | 1362.3 |
        Vaults |   8230 |   7630 |    600 |   1716 |   3974 |   5 | 1646.0 |
         Crypt |   3464 |   3305 |    159 |    583 |   1739 |   3 | 1154.7 |
        Depths |   6510 |   6032 |    478 |   1978 |   2821 |   4 | 1627.5 |
          Hell |    670 |    655 |     15 |     34 |    332 |   1 |  670.0 |
           Zot |   8221 |   8011 |    210 |   2939 |   3418 |   5 | 1644.2 |
         Abyss |    406 |    406 |      0 |    147 |     51 |   1 |  406.0 |
         Sewer |    676 |    676 |      0 |    309 |     76 |   1 |  676.0 |
        Bailey |    350 |    350 |      0 |     51 |    181 |   1 |  350.0 |
      Ice Cave |   1021 |   1021 |      0 |    376 |    189 |   1 | 1021.0 |
        Wizlab |    445 |    445 |      0 |    156 |     39 |   1 |  445.0 |
    Desolation |   1690 |   1690 |      0 |    744 |    302 |   1 | 1690.0 |
      Gauntlet |    398 |    398 |      0 |     71 |    118 |   1 |  398.0 |
               +--------+--------+--------+--------+--------+-----+--------+

Top non-repeatable levels by time:
   Zot:4: 2330 daAuts
Spider:4: 2079 daAuts
   Zot:5: 2058 daAuts
    D:12: 2002 daAuts
Vaults:5: 1985 daAuts
   Zot:2: 1900 daAuts
 Crypt:3: 1886 daAuts
  Lair:5: 1875 daAuts
Depths:3: 1834 daAuts
Depths:4: 1764 daAuts
 Slime:5: 1749 daAuts
Depths:1: 1722 daAuts
Vaults:2: 1711 daAuts
Desolation: 1690 daAuts
Vaults:1: 1681 daAuts
